 Dungeon Crawl Stone Soup version 0.24-a0-235-g3f03afc (webtiles) character file.

Game seed: 1216967638205257491

383 xeno23 the Sneak (level 6, 0/43 HPs)
             Began as an Octopode Assassin on Apr 8, 2019.
             Slain by an adder (5 damage)
             ... on level 4 of the Dungeon.
             The game lasted 00:06:04 (2957 turns).

xeno23 the Sneak (Octopode Assassin)                Turns: 2957, Time: 00:06:05

Health: 0/43       AC:  1    Str: 11    XL:     6   Next: 76%
Magic:  6/6        EV: 13    Int: 14    God:
Gold:   183        SH:  0    Dex: 14    Spells: 0/5 levels left

rFire    . . .     SeeInvis .   a - +2 dagger
rCold    . . .     Gourm    .   (no shield)
rNeg     . . .     Faith    .   (helmet restricted)
rPois    .         Spirit   .   (no amulet)
rElec    .         Reflect  .   (no ring)
rCorr    .         Harm     .   (no ring)
MR       .....                  (no ring)
Stlth    ++++......             (no ring)
HPRegen  0.14/turn              (no ring)
MPRegen  0.10/turn              (no ring)
                                (no ring)
                                (no ring)

@: lethally poisoned (0 -> -6)
A: almost no armour, stealthy swim, amphibious, 8 rings, constrict 8, camouflage
1, gelatinous body 1
a: no special abilities


You were on level 4 of the Dungeon.
You were not hungry.

You visited 1 branch of the dungeon, and saw 4 of its levels.

You collected 183 gold pieces.

Inventory:

Hand Weapons
 a - a +2 dagger (weapon)
 b - a +0 blowgun
Missiles
 c - 15 poisoned needles
 d - 2 curare-tipped needles
 r - 6 javelins (quivered)
Wands
 s - a wand of random effects (12)
Scrolls
 e - 2 scrolls of identify
 k - a scroll of teleportation
 l - a scroll of remove curse {unknown}
 o - 2 scrolls of enchant weapon {unknown}
 p - a scroll of enchant armour {unknown}
 q - 2 scrolls of magic mapping {unknown}
Potions
 g - a potion of might {unknown}
 h - a potion of curing
 i - a potion of mutation {unknown}
 j - 2 potions of agility
 m - a potion of magic {unknown}
 n - 2 potions of brilliance {unknown}
 u - a potion of haste {unknown}
Comestibles
 f - a ration


   Skills:
 + Level 3.8 Fighting
 * Level 5.1 Short Blades
 - Level 2.0 Throwing
 - Level 1.0 Dodging
 + Level 7.1 Stealth
 + Level 0.0 Spellcasting
 * Level 0.0 Hexes
 + Level 0.0 Translocations


You couldn't memorise any spells.
You knew the following spells:

 Your Spells              Type           Power        Failure   Level  Hunger
a - Blink                 Tloc           N/A          41%         2    ###....
b - Confuse               Hex            #.......     63%         3    ####...

Your spell library contained the following spells:

 Spells                   Type           Power        Failure   Level  Hunger
 Confusing Touch          Hex            #.....       28%         1    ##.....
 Magic Dart               Conj           #...         28%         1    ##.....
 Slow                     Hex            #.......     38%         2    ###....
 Call Imp                 Summ           #.......     41%         2    ###....
 Conjure Flame            Conj/Fire      #.......     65%         3    ####...
 Gell's Gravitas          Tloc           #.........   65%         3    ####...
 Mephitic Cloud           Conj/Pois/Air  #.......     65%         3    ####...
 Petrify                  Tmut/Erth      #.......     96%         4    #####..
 Metabolic Englaciation   Hex/Ice        #.........   100%        5    ######.
 Yara's Violent Unravell  Hex/Tmut       #.........   100%        5    ######.


Dungeon Overview and Level Annotations

Branches:
Dungeon (4/15)
 Temple: D:4-7

Altars:
Hepliaklqana
Ru
Trog
Yredelemnul


Innate Abilities, Weirdness & Mutations

You cannot wear most types of armour.
You are very stealthy in the water. (Stealth+)
You are amphibious.
You can wear up to eight rings at the same time.
You can use your tentacles to constrict eight enemies at once.
Your skin changes colour to match your surroundings (Stealth+).
Your rubbery body absorbs attacks. (AC +1, EV +1)


Message History

The adder closely misses you.
Cast which spell? (? or * to list)
Okay, then.
Unknown command.
You feel sick.
You take 1 damage.
The adder bites you.
* * * LOW HITPOINT WARNING * * *
You are lethally poisoned!
The adder poisons you!
You take 3 damage.
* * * LOW HITPOINT WARNING * * *
You feel sick.
You take 1 damage.
* * * LOW HITPOINT WARNING * * *
You feel sick.
You take 1 damage.
* * * LOW HITPOINT WARNING * * *
You feel sick. The adder bites you.
You die...

#.# #.# #.# #.# #.# #.#
##########.###############.#
....g.g..g.................#
##########.#################
..########.#
..........g########
#.#######...g.gS@.#
#......##.........#
#.................#
#.####.#..........#
#.##.#.#..........#
#.##..............#
#.##.#.#..........#
#.##.#.#..........#
#.##.#.#..........#


You could see 3 gnolls and an adder.

Vanquished Creatures
  Sigmund (D:4)
  A bullfrog skeleton (D:3)
  Natasha (thrice) (D:3)
  A worker ant (D:2)
  2 adders
  An ooze (D:3)
  2 worms (D:2)
  5 dart slugs
  3 leopard geckos
  2 orcs
  2 giant cockroaches
  3 goblins
  5 hobgoblins
  3 jackals (D:1)
  9 kobolds
  A quokka (D:3)
  A ball python (D:3)
  A bat (D:2)
  A frilled lizard (D:1)
  6 rats
53 creatures vanquished.

Notes
Turn   | Place    | Note
-------+----------+-------------------------------------------
     0 | D:1      | xeno23 the Octopode Assassin began the quest for the Orb.
     0 | D:1      | Reached XP level 1. HP: 14/14 MP: 1/1
   161 | D:1      | Reached XP level 2. HP: 11/19 MP: 2/2
   570 | D:1      | Reached XP level 3. HP: 24/25 MP: 3/3
   884 | D:2      | Found a bloodstained altar of Trog.
  1095 | D:2      | Reached skill level 6 in Stealth
  1095 | D:2      | Reached XP level 4. HP: 30/30 MP: 4/4
  1199 | D:2      | Found a hazy altar of Hepliaklqana.
  1405 | D:3      | Noticed Natasha
  1406 | D:3      | Killed Natasha
  1454 | D:3      | Reached XP level 5. HP: 36/36 MP: 5/5
  1465 | D:3      | Noticed Natasha
  1474 | D:3      | Killed Natasha
  1821 | D:3      | Noticed Natasha
  1845 | D:3      | Killed Natasha
  2085 | D:4      | Noticed Sigmund
  2087 | D:4      | Killed Sigmund
  2087 | D:4      | Reached skill level 5 in Short Blades
  2087 | D:4      | Reached skill level 7 in Stealth
  2087 | D:4      | Reached XP level 6. HP: 43/43 MP: 6/6
  2153 | D:3      | Learned a level 2 spell: Blink
  2157 | D:3      | Learned a level 3 spell: Confuse
  2724 | D:4      | Found a basalt altar of Yredelemnul.
  2731 | D:4      | Found a sacrificial altar of Ru.
  2957 | D:4      | Slain by an adder

Levels and vault maps discovered:
D:1:      eino_arrival_cavern_c, layout_loops_corners
D:2:      layout_loops_ring, lemuel_coloured_pillars_altar, lemuel_round_altar
D:3:      layout_loops_cross, first_ration, uniq_natasha
D:4:      layout_basic, chequers_temple_overflow_statue_of_worship, uniq_sigmund

Skill      XL: |  1  2  3  4  5 |
---------------+----------------+-----
Short Blades   | 3 5 |  5.1
Stealth        | 6 7 |  7.1
Fighting       | 3 |  3.8
Throwing       | |  2.0
Dodging        | |  1.0

Action                   |  1- 3 |  4- 6 || total
-------------------------+-------+-------++-------
Melee: Dagger            |    43 |    72 ||   115
       Tentacles         |     8 |    16 ||    24
       Constrict         |     8 |    15 ||    23
  Use: Scroll            |       |     4 ||     4
       Potion            |       |     1 ||     1
 Stab: Sleeping          |    12 |    10 ||    22
  Eat: Chunk             |       |     4 ||     4
       Ration            |       |     1 ||     1
Armor: Skin              |     7 |     6 ||    13
Dodge: Dodged            |    20 |    36 ||    56

Table legend:
 A = Non-vault XP
 B = Vault XP
 C = Vault XP percentage of total XP
 D = Non-vault monster count
 E = Vault monster count
 F = Vault count percentage of total count
                 A         B        C        D         E       F
            +---------+---------+-------+---------+---------+-------
      Total |     273 |     275 |  50.2 |      51 |       2 |   3.8
            +---------+---------+-------+---------+---------+-------
        D:1 |      35 |       0 |   0.0 |      17 |       0 |   0.0
        D:2 |      65 |       0 |   0.0 |      10 |       0 |   0.0
        D:3 |     157 |      37 |  19.1 |      22 |       1 |   4.3
        D:4 |      16 |     238 |  93.7 |       2 |       1 |  33.3
            +---------+---------+-------+---------+---------+-------
